 Dungeon Crawl Stone Soup version 0.30.0-15-g856e2d3f33 (webtiles) character file.

Game seed: 6985301949478951607

269992 Kenran the Gargoyle Blade (level 20, -3/134 HPs)
             Began as a Gargoyle Fighter on May 19, 2023.
             Was the Champion of Okawaru.
             Killed from afar by an ironbound frostheart (22 damage)
             ... by creeping frost
             ... on level 2 of the Vaults.
             The game lasted 01:23:46 (37284 turns).

Kenran the Gargoyle Blade (Gargoyle Fighter)       Turns: 37284, Time: 01:23:47

Health: -3/134     AC: 60    Str: 24    XL:     20   Next: 19%
Magic:  26/26      EV: 16    Int:  7    God:    Okawaru [******]
Gold:   2283       SH:  0    Dex: 14    Spells: 19/19 levels left

rFire   + + .        a - +6 triple sword (heavy)
rCold   . . .        (shield currently unavailable)
rNeg    + + +        N - +3 crystal plate armour of the Barnacle {rElec rN++ rCorr Int-3}
rPois   ∞            U - +1 helmet of Beogh's Indignation {rPois rF++ Dex-2}
rElec   +            y - +2 cloak
rCorr   +            r - +2 pair of gloves {Dex+3}
SInv    .            V - +0 pair of boots {rampage}
Will    +....        K - amulet of regeneration Stlth
                     w - +5 ring of evasion
HPRegen 1.22/turn    J - +4 ring of protection
MPRegen 0.20/turn

%: rampage
@: heroic, frozen, corroded, flying, studying Armour, very slow
A: sickness immunity, AC +15, big wings, negative energy resistance 1,
electricity resistance, torment resistance 1, petrification resistance
}: 2/15 runes: barnacled, gossamer
a: Renounce Religion, Heroism, Finesse, Duel


You were on level 2 of the Vaults.
You worshipped Okawaru.
Okawaru was exalted by your worship.
You visited 8 branches of the dungeon, and saw 34 of its levels.
You visited 1 bazaar.

You collected 3852 gold pieces.
You spent 1569 gold pieces at shops.

Inventory:

Hand Weapons
 a - a +6 heavy triple sword (weapon)
 b - a +4 scimitar of flaming
 m - a +4 great sword of freezing
Missiles
 Q - 6 throwing nets (quivered)
Armour
 d - a +1 crystal plate armour
 r - a +2 pair of gloves of dexterity (worn)
 y - a +2 cloak (worn)
 N - the +3 crystal plate armour of the Barnacle (worn) {rElec rN++ rCorr Int-3}
   (Okawaru gifted it to you on level 1 of the Lair of Beasts)

   Int:       It affects your intelligence (-3).
   rElec:     It insulates you from electricity.
   rN:        It greatly protects you from negative energy.
   rCorr:     It protects you from acid and corrosion.
 U - the +1 helmet of Beogh's Indignation (worn) {rPois rF++ Dex-2}
   (You found it on level 5 of the Lair of Beasts)

   Dex:       It affects your dexterity (-2).
   rF:        It greatly protects you from fire.
   rPois:     It protects you from poison.
 V - a +0 pair of boots of rampaging (worn)
Jewellery
 c - the ring of Internal Strife {rPois rN++ rCorr Str+2 Stlth-}
   (You acquired it on level 2 of the Spider Nest)

   [ring of resist corrosion]

   Str:       It affects your strength (+2).
   rPois:     It protects you from poison.
   rN:        It greatly protects you from negative energy.
   rCorr:     It protects you from acid and corrosion.
   Stlth:     It makes you less stealthy.
 l - the ring "Qiamyn" {Ice rElec MP+9 SInv}
   (You found it on level 3 of the Lair of Beasts)

   [ring of ice]

   It enhances your ice magic.
   rF:        It makes you vulnerable to fire.
   rC:        It protects you from cold.
   rElec:     It insulates you from electricity.
   MP:        It affects your magic capacity (+9).
   SInv:      It lets you see invisible.
 w - a +5 ring of evasion (left hand)
 B - a ring of see invisible
 J - a +4 ring of protection (right hand)
 K - an amulet of regeneration (around neck)
 X - a ring of resist corrosion
Wands
 i - a wand of acid (9)
 D - a wand of polymorph (8)
 M - a wand of digging (5)
 O - a wand of iceblast (6)
 R - a wand of mindburst (13)
 W - a wand of flame (30)
Scrolls
 e - 4 scrolls of silence
 h - 4 scrolls of immolation {!r}
 n - 2 scrolls of blinking
 o - 2 scrolls of fear
 s - 5 scrolls of fog
 u - 3 scrolls of poison
 v - 4 scrolls of enchant armour
 x - 3 scrolls of magic mapping
 z - 7 scrolls of identify {@r1}
 G - 16 scrolls of teleportation
 I - 5 scrolls of vulnerability {!r}
Potions
 f - 7 potions of haste
 j - 11 potions of curing {@q1}
 k - 4 potions of mutation {!q}
 q - 8 potions of heal wounds {@q2}
 A - 9 potions of magic
 C - 8 potions of attraction {!q}
 E - 9 potions of ambrosia
 F - 5 potions of brilliance
 H - 5 potions of lignification {!q}
 L - 2 potions of resistance
 P - 5 potions of might
 S - a potion of berserk rage {!q}
Miscellaneous
 g - a condenser vane (inert)
 p - a piece from Xom's chessboard (15/15)
 t - a phial of floods
 T - a lightning rod (4/4)


   Skills:
 - Level 17.0(22.0) Fighting
 * Level 23.9(27) Long Blades
 - Level 19.1(24.1) Armour
 - Level 6.3(11.3) Dodging
 - Level 5.0(10.0) Shields
 - Level 8.0 Invocations
 - Level 4.0 Evocations


You had 19 spell levels left.
You didn't know any spells.
Your spell library contained the following spells:

 Spells                   Type           Power      Damage    Failure   Level
 Beastly Appendage        Tmut           0%         N/A       99%         1
 Kiss of Death            Conj/Necr      0%         2d5       99%         1
 Magic Dart               Conj           0%         1d3       99%         1
 Shock                    Conj/Air       0%         1d3       99%         1
 Blink                    Tloc           0%         N/A       100%        2
 Lesser Beckoning         Tloc           0%         N/A       100%        2
 Momentum Strike          Conj/Tloc      0%         3d8       100%        2
 Poisonous Vapours        Pois/Air       0%         N/A       100%        2
 Scorch                   Fire           0%         2d5       100%        2
 Static Discharge         Conj/Air       0%         2-2/arc   100%        2
 Wereblood                Tmut           0%         N/A       100%        2
 Confusing Touch          Hex            0%         N/A       100%        3
 Dazzling Flash           Conj/Hex       0%         N/A       100%        3
 Frozen Ramparts          Ice            0%         1d1       100%        3
 Gell's Gravitas          Tloc           0%         N/A       100%        3
 Inner Flame              Hex/Fire       0%         N/A       100%        3
 Mephitic Cloud           Conj/Pois/Air  0%         N/A       100%        3
 Ozocubu's Armour         Ice            0%         N/A       100%        3
 Portal Projectile        Hex/Tloc       0%         N/A       100%        3
 Spider Form              Tmut/Pois      0%         N/A       100%        3
 Swiftness                Air            0%         N/A       100%        3
 Teleport Other           Tloc           0%         N/A       100%        3
 Volatile Blastmotes      Fire/Tloc      0%         2d10      100%        3
 Airstrike                Air            0%         2d(0-16)  100%        4
 Anguish                  Hex/Necr       0%         N/A       100%        4
 Cause Fear               Hex            0%         N/A       100%        4
 Dispel Undead            Necr           0%         3d6       100%        4
 Flame Wave               Conj/Fire      0%         2d4       100%        4
 Ice Form                 Ice/Tmut       0%         N/A       100%        4
 Iskenderun's Mystic Bla  Conj/Tloc      0%         2d3       100%        4
 Leda's Liquefaction      Hex/Erth       0%         N/A       100%        4
 Passage of Golubria      Tloc           0%         N/A       100%        4
 Sticky Flame             Conj/Fire      0%         2d3       100%        4
 Freezing Cloud           Conj/Ice/Air   0%         6-21      100%        5
 Iskenderun's Battlesphe  Conj           0%         2d6       100%        5
 Metabolic Englaciation   Hex/Ice        0%         N/A       100%        5
 Silence                  Hex/Air        0%         N/A       100%        5
 Iron Shot                Conj/Erth      0%         9d1       100%        6
 Starburst                Conj/Fire      0%         6d3       100%        6
 Enfeeble                 Hex            0%         N/A       100%        7
 Lehudib's Crystal Spear  Conj/Erth      0%         10d2      100%        8
 Shatter                  Erth           0%         3d5*      100%        9
 Call Imp                 Summ           Unusable   N/A       N/A         2
 Call Canine Familiar     Summ           Unusable   N/A       N/A         3
 Summon Ice Beast         Ice/Summ       Unusable   N/A       N/A         4
 Summon Lightning Spire   Summ/Air       Unusable   N/A       N/A         4
 Simulacrum               Ice/Necr       Unusable   N/A       N/A         6
 Summon Cactus Giant      Summ           Unusable   N/A       N/A         6
 Spellforged Servitor     Conj/Summ      Unusable   N/A       N/A         7

Dungeon Overview and Level Annotations

Branches:
Dungeon (15/15)            Temple (1/1) D:5            Lair (5/5) D:11
 Shoals (4/4) Lair:2       Spider (4/4) Lair:2        Slime (0/5) Lair:5
    Orc (2/2) D:12            Elf (1/3) Orc:2        Vaults (2/5) D:13
 Depths (0/4) D:15
  Crypt: Vaults:2-3

Altars:
Ashenzari
Dithmenos
Elyvilon
Fedhas
Kikubaaqudgha
Makhleb
Nemelex Xobeh
Okawaru
Ru
Trog
Uskayaw
Xom
The Shining One
Jiyva

Shops:
Orc:1 =   Orc:2 ([=*

Portals:
Trove: D:14 (give +3 shadow dragon scales)

Annotations:
D:5 exclusion: downstairs
Lair:1 exclusion: downstairs
Shoals:1 2 transporters, Zlot's ghost, adept DsBr
Orc:2 exclusion: oklob plant
Vaults:2 Sojobo


Innate Abilities, Weirdness & Mutations

You are immune to sickness and miasma.
Your stone body is resilient. (AC +15)
You are immune to poison.
Your large and strong wings let you fly.
You resist negative energy. (rN+)
You are resistant to electric shocks. (rElec)
You are resistant to unholy torment.
You are immune to petrification.


Message History

You kill the vault warden!
Okawaru accepts your kill.
The runic seals fade away.
The ironbound convoker is engulfed in poison gas.
The ironbound convoker looks as sick as possible!
The ironbound frostheart is engulfed in poison gas.
The ironbound frostheart looks even sicker.
The vault sentinel is poisoned.
The ironbound convoker closely misses you.
The vault sentinel blows a loud note on a signal horn!
The entropy weaver hits you.
* * * LOW HITPOINT WARNING * * *
The entropy weaver misses you.
The entropy weaver hits you but does no damage. x2
You slash the ironbound convoker!
The ironbound convoker is moderately wounded.
The ice encasing you melts away.
An ironbound frostheart comes into view.
The ironbound convoker is engulfed in poison gas.
The ironbound convoker looks as sick as possible!
You kill the ironbound convoker!
Okawaru accepts your kill.
The ironbound frostheart calls freezing cold from the walls.
The frost grips you!
* * * LOW HITPOINT WARNING * * *
You are encased in ice.
The ironbound convoker hits you but does no damage.
The vault sentinel is engulfed in poison gas.
The vault sentinel looks even sicker.
The entropy weaver misses you.
The entropy weaver completely misses you.
The entropy weaver barely misses you.
The entropy weaver hits you but does no damage.
Sojobo is engulfed in poison gas.
Sojobo is poisoned.
Blink to where?
Press: ? - help, Dir - move target
As you read the scroll of blinking, it crumbles to dust.
You reach down and open the door.
The ironbound frostheart calls freezing cold from the walls.
The frost grips you!!
You die... ≣≣ ≣≣≣≣+≣≣≣≣≣≣≣

... ≣..........+
p... ≣.....[....≣
....p ≣..........≣
....Q.≣§.........≣
....ppp...p......≣
....pp≣§.B....(..≣


≣≣≣≣≣ ≣..........≣ ≣≣≣≣≣≣≣@≣≣≣≣ +.≣.≣.≣≣ ≣.≣.≣..≣ ≣≣+.+)+≣≣≣ ...≣....≣
≣+≣≣≣≣'≣≣≣≣ ≣....'....≣ . ≣≣≣≣.≣.≣≣'≣ . ≣.≣.≣..≣ ≣≣≣≣ You could see an entropy
weaver (strong), an ironbound frostheart (very poisoned) and an ironbound
convoker.

Vanquished Creatures
  Nikola (Lair:2)
  Rupert (D:13)
  Mlioglotl (Lair:2)
  Zenata (Vaults:1)
  Gastronok (D:8)
  Polyphemus (Shoals:2)
  A sphinx (Vaults:2)
  Donald (Spider:1)
  5 emperor scorpions
  Louise (Shoals:1)
  4 ghost moths
  3 vault wardens
  2 orc warlords
  10 ironbound preservers
  4 ironbound thunderhulks
  A war gargoyle (Vaults:1)
  4 broodmothers
  2 eleionomae (Shoals:4)
  Azrael (D:12)
  11 dire elephants
  5 spark wasps
  Snorg (D:14)
  2 fire dragons
  2 ettins
  5 merfolk impalers (Shoals:4)
  3 merfolk javelineers (Shoals:4)
  3 entropy weavers
  2 yaktaur captains (Vaults:2)
  A great orb of eyes (Vaults:1)
  5 hydras
  Harold (Lair:2)
  A peacekeeper (Vaults:1)
  A merfolk avatar (Shoals:1)
  5 ironbound frosthearts
  Erolcha (Orc:1)
  An ice dragon (D:15)
  An ogre mage (D:13)
  2 jorogumos (Spider:2)
  3 merfolk aquamancers
  2 catoblepae
  8 boulder beetles
  4 alligator snapping turtles (Shoals:4)
  5 satyrs
  2 tengu warriors
  4 radroaches
  12 centaur warriors
  4 two-headed ogres
  7 death yaks
  A death scarab (Spider:2)
  An orc high priest (Orc:2)
  A sun moth (Spider:4)
  8 skeletal warriors
  5 skysharks
  Nergalle (Orc:2)
  7 pharaoh ants
  8 sea snakes
  28 deep trolls
  10 orb spiders
  11 lindwurms
  17 harpies
  8 ironbound convokers
  5 steelbarb worms
  8 orc knights
  2 wizards
  A deep elf pyromancer (D:13)
  An orc sorcerer (Orc:2)
  11 manticores
  5 wolf spider zombies (Spider:4)
  2 spectral wolf spiders (Spider:4)
  7 cyclopes
  17 ugly things
  20 wolf spiders
  35 fauns
  8 merfolk sirens
  9 elephants
  15 demonic crawlers
  8 black mambas
  Maurice (D:8)
  2 vault sentinels (Vaults:1)
  9 water nymphs
  3 molten gargoyles (Lair:5)
  7 cane toads
  A torpor snail (Spider:1)
  An unseen horror (D:13)
  Psyche (D:12)
  A gargoyle (D:11)
  An efreet (D:13)
  10 komodo dragons
  An unseen horror (shapeshifter) (D:14)
  4 yaktaurs (Vaults:1)
  A tengu conjurer (D:15)
  3 rime drakes
  20 merfolk
  9 meliai
  10 trolls
  7 polar bears
  9 wind drakes
  5 hornets
  27 tarantellas
  15 blink frogs
  2 wolf spider simulacra (Spider:4)
  Prince Ribbit (D:7)
  12 snapping turtles
  14 dream sheep
  18 jumping spiders
  18 slime creatures
  Sigmund (D:2)
  15 culicivoras
  3 shadows
  5 water elementals
  6 wyverns
  3 vampires
  45 yaks
  Grum (D:8)
  5 wraiths
  2 fire elementals (D:12)
  6 hogs (D:12)
  6 basilisks
  9 vampire mosquitoes
  4 steam dragons
  34 redbacks
  7 wargs
  4 acid dragons
  7 hell hounds
  21 water moccasins
  A sky beast (D:7)
  25 orc warriors
  An ice beast (D:6)
  8 black bears (Lair:1)
  5 ogres
  A boggart (shapeshifter) (D:14)
  11 wolves
  18 centaurs
  3 phantoms
  Blork the orc (Orc:2)
  2 kobold brigands
  5 bullfrogs
  3 scorpions
  15 wights
  A troll zombie (D:12)
  6 howler monkeys
  An electric eel (Orc:1)
  5 lava snakes (Lair:5)
  A crimson imp (D:5)
  10 jellies
  A gnoll bouda (D:7)
  11 orc priests
  4 hounds
  2 sleepcaps
  Jessica (D:2)
  Terence (D:3)
  6 iguanas
  26 orc wizards
  6 hell rats
  5 ogre zombies (D:12)
  Robin (D:3)
  4 gnolls
  8 adders
  4 white imps
  3 ufetubi
  A dart slug (D:1)
  63 orcs
  3 bats
  5 endoplasms
  4 giant cockroaches
  14 goblins
  8 hobgoblins
  11 jackals
  3 quokkas
  5 ball pythons
  4 frilled lizards
  2 hobgoblin skeletons (D:12)
  5 hobgoblin zombies (D:12)
  16 kobolds
  10 orc zombies (D:12)
  6 rats
  A butterfly (Lair:2)
1173 creatures vanquished.

Vanquished Creatures (others)
  Kirke (D:12)
  A jumping spider (Spider:1)
  2 orc warriors (Orc:2)
  2 orc wizards
  An orc (D:9)
  An orc skeleton (D:12)
  An orc zombie (D:12)
  7 starspawn tentacles (Spider:1)
16 creatures vanquished.

Grand Total: 1189 creatures vanquished

Notes
Turn   | Place    | Note
-------+----------+-------------------------------------------
     0 | D:1      | Kenran the Gargoyle Fighter began the quest for the Orb.
     0 | D:1      | Reached XP level 1. HP: 14/14 MP: 1/1
   128 | D:1      | Reached skill level 2 in Long Blades
   168 | D:1      | Reached XP level 2. HP: 11/19 MP: 2/2
   368 | D:1      | Reached skill level 3 in Long Blades
   368 | D:1      | Reached XP level 3. HP: 15/23 MP: 3/3
   869 | D:2      | Noticed Jessica
  1018 | D:2      | Killed Jessica
  1019 | D:2      | Reached XP level 4. HP: 28/28 MP: 4/4
  1035 | D:2      | Noticed Sigmund
  1044 | D:2      | Killed Sigmund
  1045 | D:2      | Reached skill level 5 in Long Blades
  1045 | D:2      | Reached XP level 5. HP: 25/32 MP: 5/5
  1269 | D:2      | Reached XP level 6. HP: 35/37 MP: 6/6
  1479 | D:2      | You fall into a shaft and drop 2 floors!
  1764 | D:3      | Reached skill level 6 in Long Blades
  1816 | D:3      | Noticed Robin
  1832 | D:3      | Killed Robin
  2022 | D:3      | Reached XP level 7. HP: 35/41 MP: 7/7
  2219 | D:3      | Noticed Terence
  2246 | D:3      | Killed Terence
  2566 | D:4      | Reached skill level 7 in Long Blades
  2629 | D:4      | Found a broken altar of Ashenzari.
  3172 | D:5      | Entered Level 5 of the Dungeon
  3288 | D:5      | Found a white marble altar of Elyvilon.
  3304 | D:5      | Reached skill level 8 in Long Blades
  3513 | D:5      | Found a faded altar of an unknown god.
  3516 | D:5      | Found a staircase to the Ecumenical Temple.
  3533 | Temple   | Entered the Ecumenical Temple
  3540 | Temple   | Became a worshipper of Warmaster Okawaru
  3820 | D:5      | Found a burning altar of Makhleb.
  3820 | D:5      | Found a shimmering altar of Xom.
  3866 | D:5      | Reached XP level 8. HP: 46/46 MP: 8/8
  4486 | D:6      | Reached * piety under Okawaru
  4487 | D:6      | Reached skill level 9 in Long Blades
  4541 | D:6      | HP: 1/46 [wight/+2 spear (7)]
  5246 | D:6      | Reached skill level 10 in Long Blades
  5412 | D:7      | Noticed a troll
  5467 | D:6      | Reached skill level 5 in Fighting
  5467 | D:6      | Reached XP level 9. HP: 46/54 MP: 9/9
  5584 | D:7      | Noticed Prince Ribbit
  5610 | D:7      | Killed Prince Ribbit
  5724 | D:7      | Reached skill level 1 in Invocations
  5895 | D:7      | Found a sparkling altar of Nemelex Xobeh.
  5947 | D:7      | Reached skill level 1 in Evocations
  5953 | D:7      | Killed a troll
  5958 | D:7      | Reached ** piety under Okawaru
  6441 | D:8      | Found a shadowy altar of Dithmenos.
  6457 | D:8      | Reached skill level 5 in Armour
  6527 | D:8      | Noticed a troll
  6542 | D:8      | Killed a troll
  6543 | D:8      | Reached skill level 11 in Long Blades
  6543 | D:8      | Reached XP level 10. HP: 55/60 MP: 10/12
  6677 | D:8      | Reached *** piety under Okawaru
  6903 | D:8      | Noticed Gastronok
  6953 | D:8      | Noticed Maurice
  6954 | D:8      | Noticed Grum
  6993 | D:8      | Killed Maurice
  7335 | D:8      | Killed Grum
  7336 | D:8      | Reached skill level 12 in Long Blades
  7581 | D:9      | Reached **** piety under Okawaru
  7785 | D:9      | Noticed a boulder beetle
  7814 | D:9      | Killed a boulder beetle
  8120 | D:9      | Found a blossoming altar of Fedhas.
  8130 | D:9      | Reached XP level 11. HP: 59/69 MP: 13/13
  8401 | D:10     | Entered Level 10 of the Dungeon
  8626 | D:10     | Noticed a two-headed ogre
  8638 | D:10     | Killed a two-headed ogre
  8883 | D:10     | Reached ***** piety under Okawaru
  8999 | D:10     | Received a gift from Okawaru
  9630 | D:11     | Noticed a death yak
  9632 | D:11     | Noticed a death yak
  9687 | D:11     | Killed a death yak
  9857 | D:11     | Reached skill level 10 in Fighting
 10033 | D:11     | Found a gateway to a bazaar.
 10046 | Bazaar   | Entered a bazaar
 10059 | Bazaar   | Found Mygouts's Weapon Boutique.
 10059 | Bazaar   | Found Gyseidus's Book Shop.
 10118 | Bazaar   | Found Gijaehugo's Jewellery Boutique.
 10118 | Bazaar   | Found Temuohao's Distillery.
 10136 | Bazaar   | Bought a potion of heal wounds for 60 gold pieces
 10136 | Bazaar   | Bought 2 potions of heal wounds for 120 gold pieces
 10136 | Bazaar   | Bought a potion of heal wounds for 60 gold pieces
 10136 | Bazaar   | Bought a potion of resistance for 120 gold pieces
 10225 | D:11     | Found a staircase to the Lair.
 10227 | D:11     | Noticed a death yak
 10270 | D:11     | Killed a death yak
 10271 | D:11     | Reached skill level 13 in Long Blades
 10291 | D:11     | Killed a death yak
 11670 | Lair:1   | Entered Level 1 of the Lair of Beasts
 11742 | Lair:1   | Reached XP level 12. HP: 77/77 MP: 14/14
 11766 | Lair:1   | Reached skill level 14 in Long Blades
 11839 | Lair:1   | Identified the +3 great sword "Obetzien" {drain, rF+ MP+9}
                  | (Okawaru gifted it to you on level 1 of the Lair of Beasts)
 11839 | Lair:1   | Received a gift from Okawaru
 11899 | Lair:1   | Noticed a catoblepas
 11925 | Lair:1   | Killed a catoblepas
 12654 | Lair:2   | Noticed a seven-headed hydra
 12670 | Lair:1   | Identified the +3 great sword of the Realm of Zot {freeze,
                  | rPois Will+} (Okawaru gifted it to you on level 1 of the
                  | Lair of Beasts)
 12670 | Lair:1   | Received a gift from Okawaru
 12750 | Lair:2   | Reached skill level 5 in Shields
 12807 | Lair:2   | Reached skill level 5 in Invocations
 12892 | Lair:2   | Found a hole to the Spider Nest.
 12938 | Lair:2   | Noticed Harold
 12972 | Lair:2   | Killed Harold
 13017 | Lair:2   | Reached skill level 10 in Armour
 13044 | Lair:2   | Reached XP level 13. HP: 85/85 MP: 16/16
 13052 | Lair:1   | Identified the +3 crystal plate armour of the Barnacle
                  | {rElec rN++ rCorr Int-3} (Okawaru gifted it to you on level
                  | 1 of the Lair of Beasts)
 13052 | Lair:1   | Received a gift from Okawaru
 13479 | Lair:2   | Found a staircase to the Shoals.
 13662 | Lair:3   | Identified the ring "Qiamyn" {Ice rElec MP+9 SInv}
 15129 | Lair:4   | Reached skill level 15 in Long Blades
 15379 | Lair:4   | Identified the +1 falchion "Transmigrator" {drain, rC+
                  | rCorr Dex+2 Stlth+} (Okawaru gifted it to you on level 4 of
                  | the Lair of Beasts)
 15379 | Lair:4   | Received a gift from Okawaru
 15697 | Lair:4   | Found the +8 whip "Snakebite" {venom, curare, rPois}
 16233 | Lair:5   | Entered Level 5 of the Lair of Beasts
 16261 | Lair:5   | Gained mutation: Your large and strong wings let you fly.
                  | [Gargoyle growth]
 16261 | Lair:5   | Reached XP level 14. HP: 92/92 MP: 17/17
 16277 | Lair:5   | Identified the +1 helmet of Beogh's Indignation {rPois rF++
                  | Dex-2}
 16368 | Lair:5   | Reached skill level 16 in Long Blades
 16483 | Lair:5   | Reached skill level 1 in Dodging
 16592 | Lair:5   | Found a large runed translucent door.
 16592 | Lair:5   | Found a large runed translucent door.
 16656 | Lair:5   | Received a gift from Okawaru
 16663 | Lair:5   | Reached ****** piety under Okawaru
 16929 | Lair:5   | Found a staircase to the Slime Pits.
 16929 | Lair:5   | Found a viscous altar of Jiyva.
 17794 | D:12     | Noticed Azrael
 17815 | D:12     | Received a gift from Okawaru
 17837 | D:12     | Killed Azrael
 18045 | D:12     | Noticed Kirke
 18296 | D:12     | Killed Kirke
 18297 | D:12     | Reached skill level 5 in Dodging
 18360 | D:12     | Noticed Psyche
 18367 | D:12     | Killed Psyche
 18407 | D:12     | Identified the +8 flail of the Establishment {freeze, rF+++
                  | Str+3 Int-2}
 18508 | D:12     | Found a staircase to the Orcish Mines.
 18579 | D:12     | Found a blossoming altar of Fedhas.
 18960 | D:13     | Noticed Rupert
 18975 | D:13     | Killed Rupert
 19201 | D:13     | Reached XP level 15. HP: 97/99 MP: 18/18
 19481 | D:13     | Found a gate to the Vaults.
 19581 | D:13     | Received a gift from Okawaru
 19947 | D:14     | Found a hide-covered altar of Uskayaw.
 20179 | D:14     | Noticed Snorg
 20202 | D:14     | Killed Snorg
 20437 | D:14     | Found a portal to a secret trove of treasure.
 20730 | D:15     | Entered Level 15 of the Dungeon
 20814 | D:15     | Found a staircase to the Depths.
 20899 | D:15     | Found a bloodstained altar of Trog.
 21339 | D:15     | Received a gift from Okawaru
 21707 | Orc:1    | Entered Level 1 of the Orcish Mines
 21764 | Orc:1    | Found Xibleb's Jewellery Boutique.
 21895 | Orc:2    | Entered Level 2 of the Orcish Mines
 22193 | Orc:1    | Noticed Erolcha
 22217 | Orc:1    | Killed Erolcha
 22573 | Orc:2    | Reached skill level 17 in Long Blades
 22573 | Orc:2    | Reached XP level 16. HP: 107/107 MP: 21/21
 22574 | Orc:2    | Found a staircase to the Elven Halls.
 22577 | Orc:2    | Noticed Blork the orc
 22593 | Orc:2    | Killed Blork the orc
 22980 | Orc:2    | Noticed Nergalle
 23012 | Orc:2    | Received a gift from Okawaru
 23031 | Orc:2    | Killed Nergalle
 23237 | Orc:2    | Found Beatoung's Antique Weapon Boutique.
 23249 | Orc:2    | Reached skill level 15 in Armour
 23403 | Orc:2    | Found Antu's Antique Armour Boutique.
 23409 | Orc:2    | Bought a spiked helmet for 285 gold pieces
 23409 | Orc:2    | Identified the -2 helmet "Fuek" {rCorr MP+9 Dex+3 Slay-3}
                  | (You bought it in a shop on level 2 of the Orcish Mines)
 23418 | Orc:2    | Found Plog's General Store.
 23425 | Orc:2    | Bought a scroll of identify for 28 gold pieces
 23425 | Orc:2    | Bought a scroll of identify for 28 gold pieces
 23434 | Orc:2    | Found Itogrefy's Jewellery Boutique.
 23589 | Orc:2    | Bought a scroll of acquirement for 728 gold pieces
 23589 | Orc:2    | Bought a potion of haste for 140 gold pieces
 23591 | Orc:2    | Acquired a manual of Armour
 23593 | Orc:2    | Acquired a +1 vampiric demon blade
 23617 | Elf:1    | Entered Level 1 of the Elven Halls
 23773 | Spider:1 | Entered Level 1 of the Spider Nest
 23773 | Spider:1 | Noticed Nikola
 23805 | Lair:2   | Reached skill level 15 in Fighting
 23873 | Lair:2   | Killed Nikola
 24135 | Spider:1 | Noticed Mlioglotl
 24146 | Spider:1 | Noticed a tentacled starspawn
 24152 | Spider:1 | Noticed a tentacled starspawn
 24551 | Shoals:1 | Entered Level 1 of the Shoals
 24647 | Shoals:1 | Found a transporter.
 24650 | Shoals:1 | Found a transporter.
 24650 | Shoals:1 | Noticed Zlot's ghost (adept DsBr)
 24663 | Shoals:1 | Received a gift from Okawaru
 25047 | Shoals:1 | Reached skill level 18 in Long Blades
 25220 | Shoals:1 | Noticed Louise
 25234 | Shoals:1 | Killed Louise
 25766 | D:8      | Found a shadowy altar of Dithmenos.
 25867 | D:8      | Killed Gastronok
 26066 | Shoals:2 | Noticed Polyphemus
 26066 | Shoals:2 | Found a sacrificial altar of Ru.
 26117 | Shoals:2 | Killed Polyphemus
 26169 | Shoals:2 | Found a glowing golden altar of the Shining One.
 26387 | Shoals:2 | Received a gift from Okawaru
 27032 | Shoals:3 | Identified the +2 leather armour of the Desolation of Salt
                  | {Int+9}
 27103 | Shoals:3 | Reached skill level 19 in Long Blades
 27289 | Shoals:3 | Reached XP level 17. HP: 90/113 MP: 22/22
 27302 | Shoals:3 | Identified the +3 cloak of the Beginning {*Slow Str+3
                  | Dex+3} (Okawaru gifted it to you on level 3 of the Shoals)
 27302 | Shoals:3 | Received a gift from Okawaru
 27947 | Lair:2   | Killed Mlioglotl
 28001 | Spider:1 | Noticed Donald
 28029 | Spider:1 | Killed Donald
 28406 | Spider:1 | Reached skill level 20 in Long Blades
 29045 | Spider:2 | Identified the +7 war axe of Oenomania {antimagic, rC+ rN+}
 29269 | Spider:2 | Received a gift from Okawaru
 29708 | Spider:2 | Acquired the ring of Internal Strife {rPois rN++ rCorr
                  | Str+2 Stlth-}
 30723 | Spider:4 | Entered Level 4 of the Spider Nest
 30801 | Spider:4 | Reached XP level 18. HP: 80/120 MP: 24/24
 31202 | Spider:4 | Received a gift from Okawaru
 31930 | Spider:4 | Reached skill level 21 in Long Blades
 32256 | Spider:4 | Identified the +1 chain mail of Qenexy {Rampage rF++ rC+
                  | Dex-5} (Okawaru gifted it to you on level 4 of the Spider
                  | Nest)
 32256 | Spider:4 | Received a gift from Okawaru
 32604 | Spider:4 | Got a gossamer rune of Zot
 32814 | Shoals:4 | Entered Level 4 of the Shoals
 33440 | Shoals:4 | Got the Reference Book on Metallic Phlogiston
 33531 | Shoals:4 | Reached skill level 22 in Long Blades
 34004 | Shoals:4 | Identified the +10 scimitar of Welfare {speed, Fly Int-4
                  | Dex+3} (Okawaru gifted it to you on level 4 of the Shoals)
 34004 | Shoals:4 | Received a gift from Okawaru
 34005 | Shoals:4 | Reached XP level 19. HP: 108/127 MP: 25/25
 34119 | Shoals:4 | Identified the staff of poison "Wibbioc" {rPois rF- rC+
                  | Str+3}
 34236 | Shoals:4 | Got a barnacled rune of Zot
 34528 | Vaults:1 | Entered Level 1 of the Vaults
 34541 | Vaults:1 | Identified the +8 scale mail of the Spider Nest {Will+
                  | Str+4 Dex+3}
 34602 | Vaults:1 | Noticed Zenata
 34614 | Vaults:1 | Killed Zenata
 34929 | Vaults:1 | Identified the +2 helmet "Peticon" {rElec rN++ Regen+
                  | Str-5} (Okawaru gifted it to you on level 1 of the Vaults)
 34929 | Vaults:1 | Received a gift from Okawaru
 35595 | Vaults:1 | HP: 6/128 [orc warlord/+0 war axe (22)]
 36494 | Vaults:2 | Reached skill level 23 in Long Blades
 36857 | Vaults:2 | Reached XP level 20. HP: 134/134 MP: 26/26
 37280 | Vaults:2 | Noticed Sojobo
 37284 | Vaults:2 | Killed from afar by an ironbound frostheart

Illustrated notes

Levels and vault maps discovered:
D:1:      matt_arrival_refuge, layout_loops_ring, serial_forest,
          infiniplex_forest_fountain, infiniplex_forest_clump_tiny,
          infiniplex_forest_lined_corner, infiniplex_forest_clump_double,
          infiniplex_forest_diagonal, infiniplex_forest_clump_diagonal,
          infiniplex_forest_straight_2, infiniplex_forest_lined_ring,
          infiniplex_forest_3_way, grunt_decor_resistance
D:2:      layout_loops_cross, uniq_sigmund, uniq_jessica
D:3:      layout_rooms, kennysheep_generic_room_9, uniq_terence, uniq_robin
D:4:      layout_cave_pools, kennysheep_mini, serial_forest,
          infiniplex_forest_straight_3, infiniplex_forest_lined_room_2,
          infiniplex_forest_lined_room_2, infiniplex_forest_lined_2,
          infiniplex_forest_end_1, solitary_fountain, nrook_campfire,
          minmay_misc_feat_rows, fountainhead, serial_bayou_lagoon_b
D:5:      layout_basic, grunt_temple_overflow_champion_of_chaos,
          elyvilon_altar_3, nicolae_temple_entry_ecumenical, serial_aquarium,
          aquarium_bridge_long_separate [aquarium_subvault_bridge,
          aquarium_subvault_window, aquarium_subvault_window,
          aquarium_subvault_bridge, aquarium_subvault_bridge,
          aquarium_subvault_wall], aquarium_window_1, aquarium_window_2,
          aquarium_window_1, aquarium_view_2c, aquarium_view_4,
          aquarium_balcony_5b, aquarium_pool_four
D:6:      layout_basic
D:7:      layout_basic, nemelex_altar_shiori, uniq_prince_ribbit1
D:8:      layout_basic, lemuel_tele_altar, uniq_gastronok, uniq_grum,
          uniq_maurice
D:9:      layout_rooms, amcnicky_altar_gilded
D:10:     layout_irregular_city
D:11:     layout_stronghold, dpeg_lair_monsters, serial_shops,
          bzr_entry_customers
D:12:     layout_rooms, zombieorc1_lemuel, fedhas_altar_1, uniq_kirke,
          uniq_azrael, uniq_psyche
D:13:     kennysheep_ambush_hall, layout_long_grid, david_vaults_2, uniq_rupert
D:14:     layout_rooms, trove_entry_hex_spiral, nicolae_uskayaw_dance_hall,
          uniq_snorg
D:15:     grunt_enter_depths_hoard, layout_irregular_city, bloody_trog
Temple:   eino_wide_crystal_templ
Lair:1:   beast_lair_carwin_large_4, layout_loops_ring,
          infiniplex_staircase_pool_2
Lair:2:   layout_gridlike, nicolae_shoals_entry_roost,
          nicolae_spider_entry_lesser_pyramids, lemuel_fruit_tree,
          lemuel_fruit_fields, uniq_harold
Lair:3:   layout_layer_cave, grunt_megastairs_3
Lair:4:   minmay_guarded_unrand_snakebite, layout_concentric_octagons
Lair:5:   cheibrodos_lair_end_hotspot, layout_small_grid,
          nicolae_slime_entry_field_trip, serial_bayou_shore_b
Shoals:1: layout_shoals, gammafunk_ghost_arena, uniq_louise
Shoals:2: layout_shoals, nicolae_shoals_lost_giant_hut,
          hangedman_feature_mirror, uniq_polyphemus
Shoals:3: layout_shoals, centaur_isle
Shoals:4: shoals_end_simple, layout_shoals, nicolae_shoals_enchanted_isle
Spider:1: nicolae_spider_brood_tunnel, worms_lemuel, uniq_nikola,
          uniq_mlioglotl, uniq_donald
Spider:2: nicolae_spider_hilbert_zone_1 [nicolae_spider_hilbert_4_sides_1_open,
          nicolae_spider_hilbert_4_sides_1_open,
          nicolae_spider_hilbert_4_sides_1_open,
          nicolae_spider_hilbert_4_sides_1_open,
          nicolae_spider_hilbert_3_sides_1_open,
          nicolae_spider_hilbert_3_sides_1_open,
          nicolae_spider_hilbert_3_sides_1_open,
          nicolae_spider_hilbert_3_sides_1_open,
          nicolae_spider_hilbert_3_sides_1_open,
          nicolae_spider_hilbert_6_sides_1_open,
          nicolae_spider_hilbert_6_sides_1_open,
          nicolae_spider_hilbert_3_sides_1_open,
          nicolae_spider_hilbert_3_sides_1_open,
          nicolae_spider_hilbert_3_sides_1_open,
          nicolae_spider_hilbert_3_sides_1_open,
          nicolae_spider_hilbert_2_sides_1_open]
Spider:3: layout_spider_delve
Spider:4: spider_rune_water, nicolae_spider_undead_wolf_pack
Orc:1:    layout_caves, serial_shops, shop, nooodl_orcs_dogs, uniq_erolcha
Orc:2:    grunt_orc_cross, layout_diamond_mine, mines3_lemuel
Elf:1:    layout_geoelf_octagon, serial_shops, nicolae_shop_trees,
          minmay_elf_demonology
Vaults:1: nicolae_vaults_variable_pillar_hall_cross,
          nicolae_vaults_mini_display_case, nicolae_vaults_network_star,
          nicolae_vaults_house_1, v_misc_3, vaults_mumra_minichess,
          ontoclasm_vaults_hangar, layout_vaults_omnigrid, uniq_zenata
Vaults:2: nicolae_vaults_wine_cellar, nicolae_vaults_little_ls,
          nicolae_vaults_storage_closets_3, nicolae_vaults_six-pack,
          nicolae_vaults_shrinking_rooms_2, nicolae_vaults_shrinking_rooms_1,
          nicolae_vaults_network_square, nicolae_vaults_trapezoid_1,
          ontoclasm_vaults_idyll, st_spiral_rooms, v_misc_25,
          layout_vaults_maze, serial_shops, nicolae_shop_bloodbath_and_beyond,
          uniq_sojobo

Skill      XL: |  1  2  3  4  5  6  7  8  9 10 11 12 13 14 15 16 17 18 19 |
---------------+----------------------------------------------------------+-----
Long Blades    | 2 3 5 6 8 10 11 12 13 14 15 16 17 19 20 22 23 | 23.9
Fighting       | 5 6 8 10 11 12 13 14 15 16 17 | 17.0
Invocations    | 3 5 7 8 |  8.0
Evocations     | 2 4 |  4.0
Armour         | 5 6 8 10 12 14 15 18 19 | 19.1
Shields        | 5 |  5.0
Dodging        | 5 6 |  6.3

Action                     |  1- 3 |  4- 6 |  7- 9 | 10-12 | 13-15 | 16-18 | 19-21 || total
---------------------------+-------+-------+-------+-------+-------+-------+-------++-------
  Melee: Long sword        |    96 |   201 |   245 |       |       |       |       ||   542
         Scimitar          |       |       |   209 |   805 |  2150 |   270 |       ||  3434
         War axe           |       |       |       |       |    20 |       |       ||    20
         Unarmed           |       |       |       |       |     5 |       |       ||     5
         Triple sword      |       |       |       |       |       |  1024 |   486 ||  1510
         Demon blade       |       |       |       |       |       |   125 |       ||   125
         Great sword       |       |       |       |       |       |   268 |       ||   268
 Invoke: Heroism           |       |       |     2 |     5 |     4 |     2 |     2 ||    15
  Evoke: Wand              |       |       |     5 |     3 |    15 |    12 |       ||    35
         Condenser vane    |       |       |       |       |       |       |     1 ||     1
    Use: Potion            |       |     1 |     6 |       |     2 |     5 |     2 ||    16
         Scroll            |       |       |     6 |    11 |     4 |    25 |     3 ||    49
   Stab: Petrified         |       |       |       |     2 |       |       |       ||     2
         Petrifying        |       |       |       |     1 |       |       |       ||     1
         Distracted        |       |       |       |       |     2 |       |       ||     2
         Invisible         |       |       |       |       |       |     6 |       ||     6
 Armour: Scale mail        |    51 |   143 |    11 |       |       |       |       ||   205
         Chain mail        |       |       |   328 |   175 |       |       |       ||   503
         Crystal plate arm |       |       |       |   525 |  1825 |  2200 |   608 ||  5158
  Dodge: Dodged            |    33 |    87 |   189 |   174 |   529 |  1363 |   466 ||  2841
  Block: Buckler           |    14 |    47 |   104 |   217 |   467 |   125 |       ||   974
